 Dungeon Crawl Stone Soup version 0.32-a0-17-gb74e046682 (webtiles) character file.

Game seed: 6406702676951440354

79 cforsyth the Changeling (level 4, -2/44 HPs)
             Began as an Oni Shapeshifter on Jan 15, 2024.
             Slain by Grinder (4 damage)
             ... on level 3 of the Dungeon.
             The game lasted 00:02:29 (1800 turns).

cforsyth the Changeling (Oni Shapeshifter)          Turns: 1800, Time: 00:02:29

Health: -2/44      AC:  3    Str: 20    XL:     4   Next: 38%
Magic:  4/4        EV: 10    Int: 11    God:
Gold:   71         SH:  0    Dex:  8    Spells: 3/3 levels left

rFire   . .          .
                       - Unarmed
rCold   . . .        (no shield)
rNeg    . . .        a - +0 animal skin
rPois   .            (helmet currently unavailable)
rElec   .            (cloak currently unavailable)
rCorr   .            (gloves unavailable)
SInv    .            (boots unavailable)
Will    +....        (no amulet)
Stlth   +            (no ring)
HPRegen 0.27/turn    (no ring)
MPRegen 0.09/turn

%: no passive effects
@: beast-form, attractive, enlightened, flying
A: beast (slay +2), large, unfitting armour, horns 1, tough skin 1, double
potion healing, drunken brawling
a: Begin Untransformation


You were on level 3 of the Dungeon.
You were a hulking beast.
You visited 1 branch of the dungeon, and saw 3 of its levels.

You collected 71 gold pieces.

Inventory:

Hand Weapons
 i - a +0 antimagic hand cannon
Armour
 a - a +0 animal skin (worn)
Jewellery
 h - an amulet of faith
Talismans
 c - a beast talisman
 d - a flux talisman
Wands
 m - a wand of flame (18)
Scrolls
 e - a scroll of enchant weapon {unknown}
 f - a scroll of amnesia {unknown}
 j - a scroll of fog {unknown}
 l - a scroll of identify {unknown}
Potions
 g - a potion of magic


   Skills:
 + Level 2.8 Fighting
 + Level 2.5 Dodging
 + Level 3.2 Unarmed Combat
 + Level 3.5 Shapeshifting


You had 3 spell levels left.
You didn't know any spells.
Your spell library contained the following spells:

 Spells                   Type           Power      Damage    Failure   Level
 Cigotuvi's Dreadful Rot  Necr/Alch/Air  0%         N/A       47%         2
 Static Discharge         Conj/Air       0%         3-3/arc   47%         2
 Tukima's Dance           Hex            0%         N/A       71%         3
 Airstrike                Air            0%         2d(0-16)  98%         4
 Dimensional Bullseye     Hex/Tloc       0%         N/A       98%         4
 Dispel Undead            Necr           0%         3d6       98%         4
 Iskenderun's Mystic Bla  Conj/Tloc      0%         2d3       98%         4
 Martyr's Knell           Necr/Summ      0%         N/A       98%         4
 Summon Blazeheart Golem  Fire/Summ      0%         N/A       98%         4
 Summon Lightning Spire   Summ/Air       0%         N/A       98%         4
 Death Channel            Necr           0%         N/A       100%        6
 Orb of Destruction       Conj           0%         9d5       100%        7
 Spellforged Servitor     Conj/Summ      0%         N/A       100%        7


Dungeon Overview and Level Annotations

Branches:
Dungeon (3/15)

Altars:

Annotations:
D:3 Grinder


Innate Abilities, Weirdness & Mutations

You are a hulking beast.
Your limbs bulge with bestial killing power. (Slay +2)
You are too large for most types of armour.
You have a pair of small horns on your head.
You have tough skin. (AC +1)
You gain doubled healing and magic from potions.
Whenever you drink a healing potion, you attack all around you.


Message History

You barely resist. You hit Grinder.
Grinder is moderately wounded.
Grinder blinks!
Grinder blinks!
Grinder hits you but does no damage.
You hit Grinder. Your headbutt misses Grinder.
Grinder is heavily wounded.
Grinder hits you.
You writhe in agony.
You hit Grinder. You headbutt Grinder.
Grinder is severely wounded.
Grinder hits you!
* * * LOW HITPOINT WARNING * * *
You closely miss Grinder.
Grinder is severely wounded.
Grinder hits you.
* * * LOW HITPOINT WARNING * * *
You writhe in agony.
* * * LOW HITPOINT WARNING * * *
It was a potion of enlightenment.
You feel very buoyant.
You fly up into the air.
Grinder says, "Don't move a muscle."
Grinder barely misses you.
It was a potion of attraction.
You feel attractive to monsters. Grinder completely misses you.
Okay, then.
Okay, then.
Unknown command.
You completely miss Grinder. Your headbutt misses Grinder.
Grinder is severely wounded.
Grinder hits you!
* * * LOW HITPOINT WARNING * * *
Okay, then.
You hit Grinder.
Grinder is severely wounded.
Grinder hits you.
You die...
Grinder sighs, "Dead already?
I want a refund."

...# .># ..# #.#
#####+####.#
#..........#
#..........# ..
#..........######.#
#####...h.........#
.......5.........#
.................#
..................#
..................#
............)†....#
..........)......#
.................#
...............#####


You could see Grinder.

Vanquished Creatures
  Ijyb (D:3)
  2 adders (D:2)
  An adder zombie (D:2)
  An orc (D:3)
  3 ball pythons
  3 bats
  A bat skeleton (D:2)
  2 endoplasms
  2 giant cockroaches
  2 hobgoblins
  A quokka (D:1)
  2 ball python zombies (D:2)
  A frilled lizard (D:2)
  3 goblins
  A jackal zombie (D:2)
  A kobold (D:1)
  7 rats
34 creatures vanquished.

Notes
Turn   | Place    | Note
-------+----------+-------------------------------------------
     0 | D:1      | cforsyth the Oni Shapeshifter began the quest for the Orb.
     0 | D:1      | Reached XP level 1. HP: 19/19 MP: 1/1
   397 | D:1      | Reached XP level 2. HP: 28/28 MP: 2/2
   925 | D:2      | Reached XP level 3. HP: 20/35 MP: 3/3
  1585 | D:3      | Noticed Ijyb
  1598 | D:3      | Killed Ijyb
  1599 | D:3      | Reached XP level 4. HP: 17/44 MP: 4/4
  1770 | D:3      | Noticed Grinder
  1771 | D:3      | Paralysed by Grinder for 2 turns
  1799 | D:3      | HP: 2/44 [Grinder (7)]
  1800 | D:3      | Slain by Grinder

Illustrated notes

Levels and vault maps discovered:
D:1:      giann_wishing_wells, layout_basic
D:2:      layout_basic, serial_undead, serial_undead_d, serial_undead_e,
          serial_undead_c, serial_undead_d, dk_noncrumbling_3
D:3:      layout_basic, uniq_ijyb, uniq_grinder

Skill      XL: |  1  2 |
---------------+-------+-----
Dodging        | 2 |  2.5
Fighting       | 2 |  2.8
Unarmed Combat | 3 |  3.2
Shapeshifting  | |  3.5

Action                     |  1- 3 |  4- 6 || total
---------------------------+-------+-------++-------
  Melee: Unarmed           |    88 |    21 ||   109
         Headbutt          |    11 |     1 ||    12
         Punch             |     3 |     1 ||     4
  Evoke: Wand              |       |     4 ||     4
    Use: Potion            |     1 |     3 ||     4
 Armour: Animal skin       |    60 |     9 ||    69
         Skin              |    16 |    13 ||    29
  Dodge: Dodged            |    44 |     4 ||    48

Table legend: (Time is in decaauts)
 A = Elapsed time spent in this place.
 B = Non-inter-level travel time spent in this place.
 C = Inter-level travel time spent in this place.
 D = Time resting spent in this place.
 E = Time spent auto-exploring this place.
 F = Levels seen in this place.
 G = Mean time per level.
                   A        B        C        D        E       F      G
               +--------+--------+--------+--------+--------+-----+--------+
         Total |   1793 |   1746 |     47 |     31 |   1464 |   3 |  597.7 |
       Dungeon |   1793 |   1746 |     47 |     31 |   1464 |   3 |  597.7 |
               +--------+--------+--------+--------+--------+-----+--------+

Top non-repeatable levels by time:
     D:1: 785 daAuts
     D:2: 749 daAuts
     D:3: 259 daAuts
